 Dungeon Crawl Stone Soup version 0.28-a0-851-g8b9cc49659 (webtiles) character file.

Game seed: 6202757275909989043

254 jasper the Ruffian (level 5, -1/38 HPs)
             Began as a Demonspawn Warper on Nov 14, 2021.
             Killed from afar by Blork the orc (6 damage)
             ... with a magic dart
             ... on level 4 of the Dungeon.
             The game lasted 00:08:01 (3135 turns).

jasper the Ruffian (Demonspawn Warper)              Turns: 3135, Time: 00:08:01

Health: -1/38      AC:  6    Str: 13    XL:     5   Next: 91%
Magic:  8/8        EV:  9    Int: 14    God:
Gold:   119        SH:  0    Dex: 12    Spells: 8/8 levels left

rFire   . . .      SeeInvis .   m - +2 dagger (venom)
rCold   . . .      Faith    .   (no shield)
rNeg    . . .      Spirit   .   k - +0 scale mail
rPois   +          Reflect  .   (helmet restricted)
rElec   .          Harm     .   (no cloak)
rCorr   .          Rampage  .   (no gloves)
Will    .....                   (no boots)
Stlth   ..........              (no amulet)
HPRegen 0.12/turn               (no ring)
MPRegen 0.11/turn               (no ring)

@: no status effects
A: horns 1, ignite blood 1, weakness stinger 1, beak, poison resistance
a: no special abilities


You were on level 4 of the Dungeon.
You visited 1 branch of the dungeon, and saw 4 of its levels.

You collected 119 gold pieces.

Inventory:

Hand Weapons
 a - a +1 spear
 m - a +2 dagger of venom (weapon)
Missiles
 d - 3 boomerangs of dispersal
 e - 125 stones (quivered)
Armour
 b - a +0 leather armour
 f - a +0 ring mail
 k - a +0 scale mail (worn)
Jewellery
 o - a ring of magical power
Wands
 n - a wand of acid (4)
Scrolls
 c - a scroll of blinking
 g - a scroll of noise
Potions
 h - a potion of degeneration
 i - 2 potions of magic
 j - 2 potions of might
 l - a potion of curing


   Skills:
 - Level 2.0 Fighting
 - Level 2.3 Polearms
 - Level 0.8 Throwing
 + Level 3.0 Armour
 - Level 1.7 Dodging
 * Level 4.0 Unarmed Combat
 - Level 2.0 Spellcasting
 - Level 2.6 Translocations


You had 8 spell levels left.
You didn't know any spells.
Your spell library contained the following spells:

 Spells                   Type           Power      Damage    Failure   Level
 Blink                    Tloc           16%        N/A       47%         2
 Shock                    Conj/Air       4%         1d3       71%         1
 Gell's Gravitas          Tloc           8%         N/A       71%         3
 Lesser Beckoning         Tloc           8%         N/A       71%         3
 Teleport Other           Tloc           8%         N/A       71%         3
 Swiftness                Air            1%         N/A       97%         3
 Airstrike                Air            0%         N/A       100%        4
 Manifold Assault         Tloc           8%         N/A       100%        5


Dungeon Overview and Level Annotations

Branches:
Dungeon (4/15)
 Temple: D:4-7

Altars:

Annotations:
D:2 Robin
D:4 Blork the orc


Innate Abilities, Weirdness & Mutations

You have a pair of small horns on your head.
Your demonic aura sometimes causes spilled blood to erupt in flames.
You have a small tail.
You have a beak for a mouth.
Your system is resistant to poisons. (rPois)


Message History

There is a stone staircase leading down here.
Found a thin runed staff.
Health restored: 38 Blork the orc comes into view.
He is wielding a +0 long sword.
Blork the orc shouts!
Blork the orc casts a spell at you. The puff of frost hits you!
You take 10 damage, and have 28/38 hp.
MASSIVE DAMAGE!!
Blork the orc looks braver for a moment.
Blork the orc hits you with a +0 long sword.
You take 4 damage, and have 24/38 hp.
You closely miss Blork the orc. You peck Blork the orc.
Blork the orc is lightly wounded.
Blork the orc hits you with a +0 long sword!
You take 9 damage, and have 15/38 hp.
MASSIVE DAMAGE!!
You hit Blork the orc. You peck Blork the orc.
Your tail-slap misses Blork the orc.
Blork the orc is moderately wounded.
Blork the orc grins evilly.
Blork the orc hits you with a +0 long sword.
You take 2 damage, and have 13/38 hp.
Aiming: Corrosive Bolt
Press: ? - help, Shift-Dir - straight line, f - Blork the orc
Aim: Blork the orc, wielding a +0 long sword and wearing a +0 robe (moderately wounded, 75% to hit)
The bolt of acid hits Blork the orc!
The acid corrodes Blork the orc!
Blork the orc is severely wounded.
Blork the orc hits you with a +0 long sword!
* * * LOW HITPOINT WARNING * * *
You take 9 damage, and have 4/38 hp.
MASSIVE DAMAGE!!
That's the wrong kind of item! (Use * to select it.) Evoke which item? (* to show all) (? for menu, Esc to quit)
Aiming: Corrosive Bolt
Press: ? - help, Shift-Dir - straight line, f/p - Blork the orc
Aim: Blork the orc, wielding a +0 long sword and wearing a +0 robe (severely wounded, covered in acid, 75% to hit)
The bolt of acid hits Blork the orc!
Blork the orc seems to be corroded for longer.
Blork the orc is almost dead.
Blork the orc points at you and mumbles some strange words.
The magic dart hits you.
You die...

.... ##.. ..... ###...
....... ##..... .......
###.....##.......
#.......##.........
#......#.....#....
#....o@......#....
#.....#...........
##...###.............##
#...###......##.......
#...##.#..|.....#......
##..#..#...............
## #.....###..........
#.....####.........
#####..............


You could see Blork the orc (corroded).

Vanquished Creatures
  An ogre (D:4)
  A bullfrog (D:4)
  An iguana (D:4)
  2 adders
  A worm (D:2)
  3 orcs (D:3)
  3 ball pythons
  4 endoplasms
  3 giant cockroaches
  13 goblins
  4 hobgoblins
  4 jackals (D:1)
  5 kobolds
  4 quokkas
  3 bats (D:1)
  A frilled lizard (D:1)
  5 rats
58 creatures vanquished.

Notes
Turn   | Place    | Note
-------+----------+-------------------------------------------
     0 | D:1      | jasper the Demonspawn Warper began the quest for the Orb.
     0 | D:1      | Reached XP level 1. HP: 16/16 MP: 3/3
    81 | D:1      | Reached skill level 1 in Armour
   245 | D:1      | Gained mutation: You have a beak for a mouth. [potion of
                  | mutation]
   245 | D:1      | Gained mutation: Your system is resistant to poisons.
                  | (rPois) [potion of mutation]
   260 | D:1      | Discovered your monstrous ancestry.
   260 | D:1      | Gained mutation: You have a pair of small horns on your
                  | head. [demonic ancestry]
   260 | D:1      | Reached XP level 2. HP: 22/22 MP: 5/5
   711 | D:1      | Reached skill level 1 in Unarmed Combat
  1039 | D:1      | Gained mutation: You have a small tail. [demonic ancestry]
  1039 | D:1      | Reached XP level 3. HP: 20/27 MP: 6/6
  1840 | D:2      | Found a faded altar of an unknown god.
  1875 | D:2      | Noticed Robin
  2025 | D:3      | Reached skill level 2 in Unarmed Combat
  2407 | D:3      | Reached XP level 4. HP: 32/33 MP: 7/7
  2927 | D:4      | Noticed a bullfrog
  2932 | D:4      | Killed a bullfrog
  2933 | D:4      | Reached skill level 3 in Unarmed Combat
  2933 | D:4      | Gained mutation: Your demonic aura sometimes causes spilled
                  | blood to erupt in flames. [demonic ancestry]
  2933 | D:4      | Reached XP level 5. HP: 34/38 MP: 8/8
  2975 | D:4      | Noticed an ogre
  2978 | D:4      | Killed an ogre
  2995 | D:4      | Reached skill level 4 in Unarmed Combat
  3129 | D:4      | Noticed Blork the orc
  3135 | D:4      | Killed from afar by Blork the orc

Illustrated notes

Levels and vault maps discovered:
D:1:      nicolae_arrival_washed_ashore, layout_basic, hangedman_decor_opposing,
          kennysheep_another_room
D:2:      layout_loops_cross, basic_ecumenical_altar, grunt_ministairs_6,
          uniq_robin
D:3:      layout_basic
D:4:      layout_cave_pools, nicolae_elyvilon_temple_path,
          nemelex_dance_club_becter, uniq_blork_the_orc

Skill      XL: |  1  2  3  4  5 |
---------------+----------------+-----
Polearms       | 2 |  2.3
Armour         | 1 2 3 |  3.0
Unarmed Combat | 1 2 3 4 |  4.0
Fighting       | |  2.0
Throwing       | |  0.8
Dodging        | |  1.7
Spellcasting   | |  2.0
Translocations | |  2.6

Action                   |  1- 3 |  4- 6 || total
-------------------------+-------+-------++-------
Melee: Spear             |   133 |       ||   133
       Peck              |    15 |     3 ||    18
       Headbutt          |     8 |     5 ||    13
       Dagger            |     7 |    23 ||    30
       Tailslap          |     5 |     4 ||     9
Throw: Stone             |    44 |    14 ||    58
       Boomerang         |     2 |       ||     2
Evoke: Wand              |       |     4 ||     4
  Use: Potion            |     3 |       ||     3
       Scroll            |     4 |     3 ||     7
Armor: Ring mail         |    29 |       ||    29
       Scale mail        |    14 |    10 ||    24
Dodge: Dodged            |    50 |     6 ||    56

Table legend: (Time is in decaauts)
 A = Elapsed time spent in this place.
 B = Non-inter-level travel time spent in this place.
 C = Inter-level travel time spent in this place.
 D = Time resting spent in this place.
 E = Time spent auto-exploring this place.
 F = Levels seen in this place.
 G = Mean time per level.
                   A        B        C        D        E       F      G
               +--------+--------+--------+--------+--------+-----+--------+
         Total |   3124 |   3006 |    118 |     83 |   2455 |   4 |  781.0 |
       Dungeon |   3124 |   3006 |    118 |     83 |   2455 |   4 |  781.0 |
               +--------+--------+--------+--------+--------+-----+--------+

Top non-repeatable levels by time:
     D:1: 1100 daAuts
     D:3: 856 daAuts
     D:2: 816 daAuts
     D:4: 351 daAuts
